 Dungeon Crawl Stone Soup version 0.26.1-2-gb8aa6d0cf2 (webtiles) character file.

Game seed: 14946627365978836136

1082 vatarom the Grappler (level 8, 0/62 HPs)
             Began as a Grey Draconian Transmuter on Feb 15, 2021.
             Was a Believer of Ru.
             Slain by Duvessa
             ... wielding a +0 short sword
              (10 damage)
             ... on level 5 of the Dungeon.
             The game lasted 00:09:36 (6798 turns).

vatarom the Grappler (Grey Draconian Transmuter)    Turns: 6798, Time: 00:09:37

Health: 0/62       AC:  2    Str: 14    XL:     8   Next: 8%
Magic:  9/12       EV: 20    Int: 15    God:    Ru [**....]
Gold:   176        SH:  0    Dex: 18    Spells: 8/12 levels left

rFire    . . .     SeeInvis +     - Unarmed
rCold    . . .     Faith    .   (shield currently unavailable)
rNeg     . . .     Spirit   .   (armour unavailable)
rPois    x         Reflect  .   (helmet currently unavailable)
rElec    .         Harm     .   (cloak currently unavailable)
rCorr    .         Rampage  .   (gloves currently unavailable)
Will     +....                  (boots currently unavailable)
Stlth    ++........             (no amulet)
HPRegen  0.20/turn              i - ring of see invisible
MPRegen  0.13/turn              (no ring)

@: spider-form (expiring)
A: tiny, (walk through water), unfitting armour, see invisible, clever 1,
strong-willed 1, inexperienced 1, AC +11
a: End Transformation, Renounce Religion


You were on level 5 of the Dungeon.
You worshipped Ru.
Ru was pleased with you.
You were a venomous arachnid creature.
You visited 2 branches of the dungeon, and saw 7 of its levels.

You collected 176 gold pieces.

Inventory:

Armour
 c - a +0 pair of gloves (melded)
 f - a +0 cloak (melded)
Jewellery
 i - a ring of see invisible (left front leg)
 n - an uncursed ring of willpower {unknown}
Scrolls
 a - 4 scrolls of identify {@r1}
 g - 2 scrolls of enchant armour {unknown}
 h - a scroll of remove curse {@r2}
Potions
 b - a potion of brilliance {unknown}
 e - a potion of degeneration {unknown}
 j - a potion of berserk rage {unknown}


   Skills:
 - Level 2.4 Fighting
 - Level 2.6 Dodging
 + Level 8.1 Unarmed Combat
 - Level 2.7 Spellcasting
 + Level 7.7 Transmutations


You had 8 spell levels left.
You knew the following spells:

 Your Spells              Type           Power        Failure   Level
a - Beastly Appendage     Tmut           50%          4%          1
b - Spider Form           Tmut/Pois      6%           30%         3

Your spell library contained the following spells:

 Spells                   Type           Power        Failure   Level
 Wereblood                Tmut           25%          6%          2
 Magic Dart               Conj           8%           41%         1
 Summon Small Mammal      Summ           8%           41%         1
 Blade Hands              Tmut           12%          45%         5
 Blink                    Tloc           N/A          52%         2
 Call Imp                 Summ           2%           52%         2
 Slow                     Hex            2%           52%         2
 Ice Form                 Ice/Tmut       13%          61%         4
 Call Canine Familiar     Summ           2%           73%         3
 Conjure Flame            Conj/Fire      2%           73%         3
 Mephitic Cloud           Conj/Pois/Air  2%           73%         3
 Summon Guardian Golem    Hex/Summ       2%           73%         3
 Summon Ice Beast         Ice/Summ       2%           97%         4
 Summon Lightning Spire   Summ/Air       2%           97%         4


Dungeon Overview and Level Annotations

Branches:
Dungeon (6/15)             Temple (1/1) D:5

Altars:
Ashenzari
Dithmenos
Fedhas
Gozag
Hepliaklqana
Makhleb
Nemelex Xobeh
Okawaru
Qazlal
Ru
Trog
Uskayaw
Vehumet
Wu Jian
Xom
Yredelemnul
Zin
The Shining One

Shops:
D:5 :

Annotations:
D:2 1 runed translucent door, Crazy Yiuf
D:5 Duvessa


Innate Abilities, Weirdness & Mutations

((You can walk through water.))
((Your dull iron-grey scales are very hard. (AC +11)))
You cannot fit into any form of body armour.
((You can survive without breathing.))
((You are cold-blooded and may be slowed by cold attacks.))
You are somewhat inexperienced. (-2 XL)
You have supernaturally acute eyesight. (SInv)
Your mind is acute. (Int +2)
You are strong-willed. (Will+)
((You are resistant to electric shocks. (rElec)))


Message History

You feel sick. Duvessa hits you with a +0 short sword!
* * * LOW HITPOINT WARNING * * *
Okay, then.
You feel much better.
You feel sick. Duvessa hits you with a +0 short sword.
You bite Duvessa!
Duvessa looks as sick as possible!
Duvessa is moderately wounded.
You feel sick. Duvessa hits you with a +0 short sword.
* * * LOW HITPOINT WARNING * * *
Unknown command.
You feel sick. Duvessa hits you with a +0 short sword!
* * * LOW HITPOINT WARNING * * *
You feel better. Duvessa completely misses you.
Unknown command.
Your transformation is almost over.
Duvessa rages.
Duvessa misses you. Duvessa hits you with a +0 short sword.
* * * LOW HITPOINT WARNING * * *
Duvessa hits you with a +0 short sword!
You die...

##.#.#.#.## #.###.#.#..........
##.#.###.#.## #.# #.#.#.##.######
#.#.##.##.#.###.###.#.#.##.#
.#.##.#.##.#.##........^...####
#.##.#.#.##.#.#######.........#
.##.#.#.#.##.#.######.#.#####.#
##.#.##..#.##.#.##.##.#.#####.#
#.#.##..#(##.#.##..##.#.....#.###
.#.##.)#.##.#.##s..##.#..........
#.##.#..##.#.##.#e..(..∩....#.##.
.##.#.(##.#.##.#.#.##.[.....#.##.
##.#..##)#.##.#.##.##.........##.
.##.#.#.#.##.#.###.###...#######.
#.##.#.#.##.#.####.# ##.## #.
.#.##.#.##.#.##...)# #.# #.
#.#.##.##.#.##.##### #.# #.
##.#.###.#.## ##'## #.


You could see Duvessa (berserk, extremely poisoned).

Vanquished Creatures
  Pikel (D:5)
  Menkaure (D:5)
  A phantom (D:5)
  A sky beast (D:4)
  A necrophage (D:4)
  2 ogres
  A centaur (D:5)
  A bullfrog (D:6)
  2 scorpions (D:4)
  Dowan (D:5)
  A hound (D:4)
  A centaur skeleton (D:4)
  An iguana (D:5)
  An orc wizard (D:5)
  5 worker ants
  8 adders
  4 gnolls (D:4)
  An ufetubus (D:5)
  2 oozes (D:2)
  A worm (D:2)
  4 dart slugs
  7 leopard geckos
  8 orcs
  2 giant cockroaches
  3 goblins (D:1)
  3 hobgoblins
  6 jackals (D:4)
  5 kobolds
  A quokka (D:2)
  A ball python (D:1)
  A ball python skeleton (D:4)
  2 bats (D:1)
  3 frilled lizards
  A leopard gecko skeleton (D:5)
  2 quokka skeletons (D:4)
  6 rats
92 creatures vanquished.

Vanquished Creatures (others)
  A fungus (D:2)
1 creature vanquished.

Grand Total: 93 creatures vanquished

Notes
Turn   | Place    | Note
-------+----------+-------------------------------------------
     0 | D:1      | vatarom the Draconian Transmuter began the quest for the
                  | Orb.
     0 | D:1      | Reached XP level 1. HP: 16/16 MP: 3/3
   423 | D:1      | Reached XP level 2. HP: 20/23 MP: 3/5
  1142 | D:1      | Reached XP level 3. HP: 29/29 MP: 4/6
  1459 | D:2      | Found a sparkling altar of Nemelex Xobeh.
  1460 | D:2      | Found an opulent altar of Gozag.
  1605 | D:2      | Found a bloodstained altar of Trog.
  1740 | D:2      | Found an iron altar of Okawaru.
  1871 | D:2      | Found a glowing golden altar of the Shining One.
  1944 | D:2      | Reached XP level 4. HP: 24/36 MP: 7/7
  2153 | D:2      | Found a runed translucent door.
  2154 | D:2      | Noticed Crazy Yiuf
  2365 | D:3      | You fall into a shaft and drop 3 floors!
  2366 | D:6      | Noticed a bullfrog
  2387 | D:6      | Killed a bullfrog
  2388 | D:6      | Reached XP level 5. HP: 13/42 MP: 7/9
  2463 | D:6      | Noticed a deep elf mage
  2468 | D:6      | Gained mutation: You are resistant to electric shocks.
                  | (rElec) [potion of mutation]
  2468 | D:6      | Gained mutation: Your mind is acute. (Int +2) [potion of
                  | mutation]
  2468 | D:6      | Gained mutation: You are strong-willed. (Will+) [potion of
                  | mutation]
  2468 | D:6      | Gained mutation: You have supernaturally acute eyesight.
                  | (SInv) [potion of mutation]
  2479 | D:6      | HP: 2/42 [deep elf mage/+0 rapier (7)]
  2633 | D:5      | Entered Level 5 of the Dungeon
  2767 | D:5      | Learned a level 3 spell: Spider Form
  2924 | D:5      | Reached skill level 4 in Unarmed Combat
  3238 | D:5      | Found a staircase to the Ecumenical Temple.
  3311 | Temple   | Entered the Ecumenical Temple
  3408 | Temple   | Became a worshipper of Ru the Awakened
  3463 | D:5      | Found a glowing silver altar of Zin.
  3565 | D:5      | Noticed a phantom
  3618 | D:5      | Killed a phantom
  3619 | D:5      | Reached XP level 6. HP: 25/50 MP: 10/10
  3850 | D:5      | Found Quytuf's Book Boutique.
  3934 | D:5      | Noticed Pikel
  3949 | D:5      | Noticed Menkaure
  4319 | D:4      | Reached skill level 5 in Unarmed Combat
  4494 | D:4      | Noticed a sky beast
  4519 | D:4      | Killed a sky beast
  4520 | D:4      | Reached skill level 5 in Transmutations
  4520 | D:4      | Your scales start taking on a dull iron-grey colour.
  4520 | D:4      | Reached XP level 7. HP: 20/56 MP: 6/11
  4520 | D:4      | Gained mutation: You can survive without breathing. [Grey
                  | Draconian growth]
  5220 | D:4      | Reached skill level 6 in Unarmed Combat
  5867 | D:5      | Gained mutation: You are somewhat inexperienced. (-2 XL)
                  | [Ru sacrifice]
  5867 | D:5      | Reached XP level 6. HP: 50/50 MP: 10/10
  5867 | D:5      | Reached XP level 5. HP: 42/42 MP: 9/9
  5867 | D:5      | Reached * piety under Ru
  5867 | D:5      | Reached ** piety under Ru
  5871 | D:5      | Noticed a centaur
  5882 | D:5      | Killed a centaur
  5883 | D:5      | Reached XP level 6. HP: 37/50 MP: 6/10
  6270 | D:5      | Killed Pikel
  6271 | D:5      | Reached skill level 7 in Unarmed Combat
  6271 | D:5      | Reached XP level 7. HP: 38/56 MP: 8/11
  6406 | D:5      | Killed Menkaure
  6732 | D:5      | Reached skill level 8 in Unarmed Combat
  6732 | D:5      | Reached XP level 8. HP: 62/62 MP: 8/12
  6772 | D:5      | Noticed Dowan
  6774 | D:5      | Noticed Duvessa
  6786 | D:5      | Killed Dowan
  6790 | D:5      | HP: 2/62 [Duvessa/+0 short sword (13)]
  6798 | D:5      | Slain by Duvessa

Illustrated notes

Levels and vault maps discovered:
D:1:      evilmike_arrival_rings, layout_loops_corners
D:2:      layout_rooms, grunt_temple_overflow_opulence, okawaru_gym_becter,
          nicolae_overflow_crystal_walls, tso_oasis_becter,
          uniq_crazy_yiuf_cottage
D:3:      minmay_recursive_quarters, layout_basic, gammafunk_ghost_split,
          corexii_corridor_pit, grunt_decor_junction
D:4:      layout_loops_ring, minmay_close_crescents
D:5:      minmay_inner_zag, layout_loops_corners, kennysheep_little_box,
          minmay_temple_entry_enclosed_plants, serial_shops, shop, uniq_pikel,
          uniq_menkaure, uniq_duvessa
D:6:      wander_guarded_unrand_ratskin, layout_cave_pools, serial_bayou_pond_c,
          guppyfry_early_elven_hall
Temple:   minmay_temple_bridge_abc

Skill      XL: |  1  2  3  4  5  6  7 |
---------------+----------------------+-----
Dodging        | 2 |  2.6
Fighting       | 2 |  2.4
Transmutations | 6 7 |  7.7
Unarmed Combat | 4 7 8 |  8.1
Spellcasting   | |  2.7

Action                   |  1- 3 |  4- 6 |  7- 9 || total
-------------------------+-------+-------+-------++-------
Melee: Unarmed           |    99 |   197 |   100 ||   396
       Headbutt          |    13 |     5 |       ||    18
       Kick              |    12 |    10 |       ||    22
       Punch             |     1 |       |     1 ||     2
       Tailslap          |     7 |     8 |     6 ||    21
 Cast: Beastly Appendage |    26 |     9 |       ||    35
       Spider Form       |       |    13 |     7 ||    20
Invok: Sacrifice Experie |       |     1 |       ||     1
  Use: Potion            |       |     8 |     2 ||    10
       Scroll            |       |     9 |       ||     9
 Stab: Fleeing           |       |     1 |       ||     1
       Distracted        |       |     1 |       ||     1
       Sleeping          |       |       |     1 ||     1
Armor: Skin              |    27 |    38 |     9 ||    74
Dodge: Dodged            |    62 |   141 |    54 ||   257
